 Dungeon Crawl Stone Soup version 0.14-a0-102-g2341383 (console) character file.

1079 Kellhus the Ruinous (level 8, 40/40 HPs)
             Began as a Gargoyle Wizard on Oct 2, 2013.
             Was an Initiate of Vehumet.
             Quit the game on Level 5 of the Dungeon.
             The game lasted 00:08:22 (5447 turns).

Kellhus the Ruinous (Gargoyle Wizard)               Turns: 5447, Time: 00:08:23

HP  40/40        AC 13     Str 11      XL: 8   Next:  0%
MP  21/21        EV 11     Int 21      God: Vehumet [......]
Gold 240         SH  0     Dex  8      Spells:  3 memorised, 11 levels left

Res.Fire  : . . .   See Invis. : .   t - +2,+3 dagger (venom)
Res.Cold  : . . .   Warding    : .   a - +0 robe
Life Prot.: + . .   Conserve   : .   (no shield)
Res.Poison: +       Res.Corr.  : .   B - +0 helmet
Res.Elec. : +       Clarity    : .   D - +1 dwarf cloak
Sust.Abil.: . .     Spirit.Shd : .   i - +1 pair of dwarf gloves
Res.Mut.  : .       Stasis     : .   p - +0 pair of boots
Res.Rott. : +       Flight     : .   g - amulet of the gourmand
Gourmand  : +                        (no ring)
                                     q - +6,+5 ring of slaying

@: slightly resistant to hostile enchantments, unstealthy
A: fangs 1, talons 2, life protection 1, electricity resistance, slow metabolism
1, unbreathing, petrification resistance, AC +5
a: Renounce Religion


You were on level 5 of the Dungeon.
You worshipped Vehumet.
Vehumet was noncommittal.
You were very full.

You visited 2 branches of the dungeon, and saw 6 of its levels.

You collected 220 gold pieces.

Inventory:

Hand weapons
 t - a +2,+3 dagger of venom (weapon)
Armour
 a - a +0 robe (worn)
 b - a +0 wizard hat
 i - a +1 pair of dwarven gloves (worn)
 p - a +0 pair of boots (worn)
 z - a +0 cloak
 B - a +0 helmet (worn)
 D - a +1 dwarven cloak (worn)
Comestibles
 d - 10 bread rations
 o - a meat ration
 v - a choko
 A - 2 pears
 E - a rambutan
Scrolls
 h - 2 scrolls of noise {unknown}
 l - a scroll of random uselessness {unknown}
 m - 2 scrolls of curse weapon {unknown}
 s - 3 scrolls of curse jewellery {unknown}
 u - 2 scrolls of remove curse {unknown}
 w - a scroll of teleportation {unknown}
 C - 2 scrolls of amnesia {unknown}
Jewellery
 g - an amulet of the gourmand (around neck)
 q - a +6,+5 ring of slaying (left hand)
 r - an uncursed ring of ice
Potions
 e - a potion of curing
 f - a potion of agility
 j - a potion of might {unknown}
 k - a potion of cure mutation {unknown}
 n - 2 potions of magic
 x - a potion of beneficial mutation {unknown}
Books
 c - a book of Minor Magic

   Spells                             Type                      Level
   *Magic Dart                        Conjuration                  1
   Blink                              Translocation                2
   Call Imp                           Summoning                    2
   Repel Missiles                     Charms/Air                   2
   Slow                               Hexes                        2
   *Conjure Flame                     Conjuration/Fire             3
   *Mephitic Cloud                    Conjuration/Poison/Air       3


   Skills:
 - Level 1.5 Dodging
 - Level 2.1 Stealth
 + Level 5.6 Spellcasting
 - Level 7.5 Conjurations
   Level 0.8 Summonings
   Level 0.8 Translocations


You had 11 spell levels left.
You knew the following spells:

 Your Spells              Type           Power        Failure   Level  Hunger
a - Magic Dart            Conj           ####         1%          1    None
b - Conjure Flame         Conj/Fire      ###.....     10%         3    ##.....
c - Mephitic Cloud        Conj/Pois/Air  ###.....     14%         3    ##.....


Dungeon Overview and Level Annotations

Branches:
Dungeon (5/27)             Temple (1/1) D:4

Altars:
Ashenzari
Cheibriados
Elyvilon
Fedhas
Kikubaaqudgha
Makhleb
Nemelex Xobeh
Okawaru
Trog
Vehumet
Xom
Zin
the Shining One


Innate Abilities, Weirdness & Mutations

You are resistant to torment.
You are immune to poison.
Your stone body is very resilient (AC +5).
You have very sharp teeth.
You have razor-sharp toenails.
You resist negative energy.
You are resistant to electric shocks.
You have a slow metabolism.
You can survive without breathing.
You are immune to petrification.


Message History

Confirm with . or Enter, or press ? or * to list all spells.
Aiming: Magic Dart
Press: ? - help, Shift-Dir - straight line, f - rat
Aim: a rat The magic dart hits the rat.
You kill the rat!
Vehumet accepts your kill.
You have reached level 8!
You feel stronger.
Casting: Magic Dart
Confirm with . or Enter, or press ? or * to list all spells.
You can't see any susceptible monsters within range! (Use Z to cast anyway.)
You now have 240 gold pieces (gained 8).
Found 3 tomahawks.
Magic restored.
You see here 3 tomahawks.
You see here 3 tomahawks.
A goblin comes into view. It is wielding a dagger.
There is an escape hatch in the floor here.
A goblin is nearby!
Are you sure you want to abandon this character and quit the game? (Confirm with "yes".)

#.....%....# #.# #..........# #.#
##'######### #.# ### #.# ##.# ..#
#.# #..# ..# ###.######
##.######### ..######.g...._.#
#..........#
..+.............######..........#
..######..>.....@...##..........#
..# #........###.............#
..# ########## ####..........#
### #..........# ####.#######
#...# ### ####.##### ..#
#......... ..# #.........


You could see a goblin (wandering).

Vanquished Creatures
  Eustachio (D:4)
  An ice beast (D:3)
  An ogre (D:4)
  2 phantoms (D:5)
  2 jellies (D:5)
  A scorpion (D:3)
  A worker ant (D:4)
  An orc wizard (D:4)
  Jessica (D:2)
  7 adders
  4 gnolls (D:5)
  3 worms
  2 giant geckos
  2 oozes
  9 orcs
  6 goblins
  12 hobgoblins
  6 kobolds
  2 quokkas
  2 ball pythons (D:1)
  9 bats
  A giant cockroach (D:4)
  7 giant newts
  A hobgoblin skeleton (D:4)
  10 jackals
  9 rats
103 creatures vanquished.

Notes
Turn   | Place    | Note
--------------------------------------------------------------
     0 | D:1      | Kellhus, the Gargoyle Wizard, began the quest for the Orb.
     0 | D:1      | Reached XP level 1. HP: 8/8 MP: 5/5
   197 | D:1      | Reached XP level 2. HP: 13/13 MP: 5/7
   605 | D:1      | Reached XP level 3. HP: 11/17 MP: 0/9
  1263 | D:2      | Reached skill level 4 in Conjurations
  1345 | D:2      | Reached XP level 4. HP: 22/22 MP: 9/11
  1520 | D:2      | Noticed Jessica
  1524 | D:2      | Killed Jessica
  2131 | D:3      | Reached skill level 5 in Conjurations
  2167 | D:3      | Reached XP level 5. HP: 26/26 MP: 0/12
  2735 | D:3      | Noticed an ice beast
  3054 | D:3      | Learned a level 3 spell: Conjure Flame
  3058 | D:3      | Learned a level 3 spell: Mephitic Cloud
  3424 | D:3      | Killed an ice beast
  3424 | D:3      | Reached skill level 6 in Conjurations
  3424 | D:3      | Reached XP level 6. HP: 31/31 MP: 0/14
  3663 | D:4      | Noticed Eustachio
  3683 | D:4      | Killed Eustachio
  3683 | D:4      | Reached skill level 7 in Conjurations
  3885 | D:4      | Reached XP level 7. HP: 35/35 MP: 12/16
  3966 | D:4      | Found a staircase to the Ecumenical Temple.
  3977 | Temple   | Entered the Ecumenical Temple
  4066 | Temple   | Became a worshipper of Vehumet
  4728 | D:5      | Entered Level 5 of the Dungeon
  4903 | D:5      | Found a snail-covered altar of Cheibriados.
  4990 | D:5      | Reached skill level 5 in Spellcasting
  5121 | D:5      | Found an ancient bone altar of Kikubaaqudgha.
  5407 | D:5      | Reached XP level 8. HP: 40/40 MP: 19/21
  5447 | D:5      | Quit the game

Action                   |  1- 3 |  4- 6 |  7- 9 || total
-------------------------+-------+-------+-------++-------
Melee: Unarmed           |     7 |       |       ||     7
       Dagger            |       |    19 |     4 ||    23
 Cast: Magic Dart        |    78 |   117 |    85 ||   280
       Conjure Flame     |       |     2 |     2 ||     4
       Mephitic Cloud    |       |     1 |     2 ||     3
  Use: Scroll            |       |       |     6 ||     6
